 Dungeon Sprint DCSS version 0.27-a0-1139-g28e009f8a6 (webtiles) character file.

Game seed: 3910357949943568673

95 Zeld the Firebug (level 4, -3/29 HPs)
             Began as an Octopode Fire Elementalist on May 7, 2021.
             Was a Follower of Sif Muna.
             Slain by a thrashing horror (8 damage)
             ... in the Dungeon (Sprint V: "Ziggurat Sprint").
             The game lasted 00:01:02 (581 turns).

Zeld the Firebug (Octopode Fire Elementalist)        Turns: 581, Time: 00:01:02

Health: -3/29      AC:  1    Str:  7    XL:     4   Next: 65%
Magic:  10/10      EV: 13    Int: 18    God:    Sif Muna [*.....]
Gold:   0          SH:  0    Dex: 12    Spells: 3/11 levels left

rFire    . . .     SeeInvis .   (no weapon)
rCold    . . .     Faith    .   (no shield)
rNeg     . . .     Spirit   .   (helmet restricted)
rPois    .         Reflect  .   (no amulet)
rElec    .         Harm     .   (no ring)
rCorr    .         Rampage  .   (no ring)
Will     .....     NoTele   +   (no ring)
Stlth    +++.......             (no ring)
HPRegen  0.09/turn              (no ring)
MPRegen  0.12/turn              (no ring)
                                (no ring)
                                (no ring)

@: no status effects
A: almost no armour, amphibious, 8 rings, camouflage 1, gelatinous body 1,
(nimble swimmer 1), tentacles
a: Renounce Religion, Channel Magic


You were in the Dungeon.
You worshipped Sif Muna.
Sif Muna was aware of your devotion.
You visited 1 branch

Inventory:

Armour
 B - a +3 tower shield
Jewellery
 t - a ring of flight
 u - a +6 ring of dexterity
 v - a +6 ring of dexterity
 w - a +6 ring of intelligence
 x - a +6 ring of intelligence
 y - a +6 ring of strength
 z - a +6 ring of strength
Wands
 q - a wand of mindburst (7)
 r - a wand of iceblast (7)
 s - a wand of acid (7)
Scrolls
 g - 4 scrolls of blinking
 l - 4 scrolls of amnesia
 m - 7 scrolls of fog
 n - a scroll of holy word
 o - 5 scrolls of identify
 p - 2 scrolls of fear
Potions
 a - 2 potions of brilliance
 b - 10 potions of curing
 c - 10 potions of heal wounds
 d - 6 potions of haste
 e - 7 potions of magic
 f - 3 potions of berserk rage
 h - 2 potions of invisibility
 i - 4 potions of resistance
 k - 5 potions of might
Miscellaneous
 A - a lightning rod (1/4)


   Skills:
 + Level 2.2 Fighting
 + Level 3.0 Dodging
 - Level 2.6 Stealth
 + Level 4.4 Spellcasting
 + Level 4.4 Conjurations
 * Level 7.0 Fire Magic
 * Level 3.4 Invocations


You had 3 spell levels left.
You knew the following spells:

 Your Spells              Type           Power      Damage    Failure   Level
a - Foxfire               Conj/Fire      96%        2x1d8     1%          1
b - Conjure Flame         Conj/Fire      24%        6-21      4%          3
c - Sticky Flame          Conj/Fire      24%        2d5       14%         4

Your spell library contained the following spells:

 Spells                   Type           Power      Damage    Failure   Level
 Inner Flame              Hex/Fire       16%        N/A       10%         3
 Fireball                 Conj/Fire      12%        3d7       36%         5


Dungeon Overview and Level Annotations

Branches:
Dungeon (1/1)

Altars:
Ashenzari
Cheibriados
Dithmenos
Elyvilon
Fedhas
Gozag
Hepliaklqana
Kikubaaqudgha
Makhleb
Nemelex Xobeh
Okawaru
Qazlal
Ru
Sif Muna
Trog
Uskayaw
Vehumet
Wu Jian
Xom
Yredelemnul
Zin
The Shining One
Beogh
Jiyva
Lugonu

Annotations:
D 1 transporter


Innate Abilities, Weirdness & Mutations

You cannot wear most types of armour.
You are amphibious.
You can wear up to eight rings at the same time.
Your skin changes colour to match your surroundings (Stealth+).
Your rubbery body absorbs attacks. (AC +1, EV +1)
((You are camouflaged near water. (Stealth+)))
You have tentacles for arms and can constrict up to eight enemies at once.


Message History

The thunderbolt hits the shadow imp!
You kill the shadow imp!
Sif Muna accepts your kill.
The thunderbolt hits the thrashing horror.
The thrashing horror resists.
The thrashing horror is moderately damaged.
The thrashing horror tramples you.
You hold your ground!
The thrashing horror barely misses you. x2; The thrashing horror tramples you.
You hold your ground!
Your lightning rod (4/4) has regained one charge.
Your Dodging skill increases to level 3!
Your Fire Magic skill increases to level 7!
Aiming: Thunderbolt
Press: ? - help, Shift-Dir - straight line, f - thrashing horror
Aim: a thrashing horror (moderately damaged)
The thunderbolt hits the thrashing horror!
The thrashing horror resists.
The thrashing horror is heavily damaged.
The thrashing horror misses you. x2
Unknown command.
Aiming: Thunderbolt
Press: ? - help, Shift-Dir - straight line, f/p - thrashing horror
Aim: a thrashing horror (heavily damaged)
The thunderbolt hits the thrashing horror!
The thrashing horror resists.
The thrashing horror is heavily damaged.
The thrashing horror tramples you.
You stumble backwards!
Unknown command.
Aiming: Thunderbolt
Press: ? - help, Shift-Dir - straight line, f/p - thrashing horror
Aim: a thrashing horror (heavily damaged)
The thunderbolt hits the thrashing horror!
The thrashing horror resists.
The thrashing horror is severely damaged.
The thrashing horror churns violently!
The thrashing horror seems to grow stronger.
The thrashing horror tramples you!
* * * LOW HITPOINT WARNING * * *
You hold your ground!
The thrashing horror tramples you!
You die...

▓▓▓▓▓▓▓▓▓▓▓▓▓
▓.8©8.▓.8©8.▓
▓.))).▓.....▓
▓.....▓.|.).▓
▓.....▓.....▓
▓.....▓.....▓
▓..X..▓..©..▓
▓.@©..▓▓▓▓▓▓▓
▓▓▓▓▓▓▓


You could see a thrashing horror (strong).

Vanquished Creatures
  A phantom (D)
  A shadow imp (D)
  A white imp (D)
  A giant cockroach zombie (D)
4 creatures vanquished.

Notes
Turn   | Place    | Note
-------+----------+-------------------------------------------
     0 | D        | Zeld the Octopode Fire Elementalist began the quest for the
                  | Orb.
     0 | D        | Reached XP level 1. HP: 11/11 MP: 3/3
     0 | D        | Found a shimmering blue altar of Sif Muna.
     0 | D        | Found a bloodstained altar of Trog.
     0 | D        | Found a sacrificial altar of Ru.
     0 | D        | Found a stormy altar of Qazlal.
     0 | D        | Found an iron altar of Okawaru.
     1 | D        | Found a sparkling altar of Nemelex Xobeh.
     1 | D        | Found a blossoming altar of Fedhas.
     2 | D        | Found the +6 Majin-Bo {vamp, MP+6 Int+6}
     2 | D        | Found the +9 heavy crossbow "Sniper" {vorpal, Acc+∞ SInv}
     2 | D        | Found the +10 dark maul {vorpal}
     2 | D        | Found the +15 Maxwell's patent armour {-Cast -Tele rElec
                  | Will+ rCorr}
     2 | D        | Found the +18 shield of the Gong {rElec rN+ Will+ EV-5}
     2 | D        | Found the +14 obsidian axe {vorpal, Drain Fly SInv}
     2 | D        | Found the +7 great mace "Firestarter" {inner flame, rF++}
     2 | D        | Found the +6 shillelagh "Devastator" {shatter}
     2 | D        | Found the +11 plutonium sword {Contam Stlth-}
     2 | D        | Found the +8 lance "Wyrmbane" {slay drac, rPois rF+ rC+
                  | AC+3}
     2 | D        | Found the +9 sword of Zonguldrok {reap}
     2 | D        | Found the +13 scythe of Curses {drain, Drain}
     2 | D        | Found the +5 sword of Power {vorpal}
     2 | D        | Found the +7 mace of Variability {chain chaos}
     2 | D        | Found the +7 Singing Sword {vorpal, sonic wave}
     2 | D        | Found the +8 storm bow {elec, penet}
     3 | D        | Found a transporter.
     3 | D        | Found an ancient bone altar of Kikubaaqudgha.
     3 | D        | Found a viscous altar of Jiyva.
     3 | D        | Found a corrupted altar of Lugonu.
     3 | D        | Found a hazy altar of Hepliaklqana.
     3 | D        | Found a burning altar of Makhleb.
     3 | D        | Found an opulent altar of Gozag.
    38 | D        | Became a worshipper of Sif Muna the Loreminder
    56 | D        | Reached skill level 6 in Fire Magic
    56 | D        | Reached XP level 2. HP: 17/17 MP: 3/6
   153 | D        | Entered arena 2.
   153 | D        | Noticed a phantom
   153 | D        | Found a transporter.
   155 | D        | Killed a phantom
   156 | D        | Reached skill level 1 in Fighting
   156 | D        | Reached XP level 3. HP: 24/24 MP: 6/8
   156 | D        | Reached XP level 4. HP: 29/29 MP: 7/10
   467 | D        | Learned a level 3 spell: Conjure Flame
   472 | D        | Learned a level 4 spell: Sticky Flame
   575 | D        | Entered arena 3.
   575 | D        | Noticed a thrashing horror
   575 | D        | Found a transporter.
   577 | D        | Reached * piety under Sif Muna
   579 | D        | Reached skill level 7 in Fire Magic
   581 | D        | Slain by a thrashing horror

Illustrated notes

Levels and vault maps discovered:
D:        sprint_v [room_start, room_1, room_2, room_3, room_4, room_5, room_6,
          room_7, room_8, room_9, room_10, room_11, room_12, room_13, room_14,
          room_15, room_16, room_17, room_18, room_19, room_20, room_21,
          room_22, room_23, room_24, room_25, room_26, room_27]

Skill      XL: |  1  2  3  4 |
---------------+-------------+-----
Spellcasting   | 3 4 |  4.4
Conjurations   | 3 4 |  4.4
Fire Magic     | 6 7 |  7.0
Fighting       | 1 2 |  2.2
Invocations    | 3 |  3.4
Dodging        | 3 |  3.0
Stealth        | |  2.6

Action                   |  1- 3 |  4- 6 || total
-------------------------+-------+-------++-------
Melee: Unarmed           |       |     4 ||     4
       Constrict         |       |     1 ||     1
       Tentacles         |       |     1 ||     1
Evoke: Lightning rod     |     2 |     6 ||     8
  Use: Potion            |     1 |       ||     1
Armor: Skin              |       |     2 ||     2
Dodge: Dodged            |     1 |     6 ||     7

Table legend: (Time is in decaauts)
 A = Elapsed time spent in this place.
 B = Non-inter-level travel time spent in this place.
 C = Inter-level travel time spent in this place.
 D = Time resting spent in this place.
 E = Time spent auto-exploring this place.
 F = Levels seen in this place.
 G = Mean time per level.
                   A        B        C        D        E       F      G
               +--------+--------+--------+--------+--------+-----+--------+
         Total |    581 |    581 |      0 |    493 |      0 |   1 |  581.0 |
       Dungeon |    581 |    581 |      0 |    493 |      0 |   1 |  581.0 |
               +--------+--------+--------+--------+--------+-----+--------+

Top non-repeatable levels by time:
       D: 581 daAuts
